 Dungeon Crawl Stone Soup version 0.21.1-1-g345015f (webtiles) character file.

386 Hebeh the Chopper (level 6, 0/57 HPs)
             Began as a Deep Dwarf Fighter on June 21, 2018.
             Shot with an arrow by a centaur (3 damage)
             ... on level 5 of the Dungeon.
             The game lasted 00:12:43 (2360 turns).

Hebeh the Chopper (Deep Dwarf Fighter)              Turns: 2360, Time: 00:12:43

Health: 0/57       AC:  7    Str: 22    XL:     6   Next: 48%
Magic:  6/6        EV:  7    Int:  8    God:
Gold:   242        SH: 10    Dex: 12    Spells: 5/5 levels left

rFire    . . .     SeeInvis .   e - +2 spear (pierce)
rCold    . . .     Gourm    .   c - +0 shield
rNeg     . . .     Faith    .   b - +0 scale mail
rPois    +         Spirit   .   (no helmet)
rElec    .         Reflect  .   (no cloak)
rCorr    .         Harm     .   (no gloves)
MR       .....                  (no boots)
Stlth    ..........             (no amulet)
HPRegen  0.00/turn              r - ring of poison resistance
MPRegen  0.10/turn              (no ring)

@: non-regenerating
A: damage resistance, heal wounds, sense surroundings 1, no regeneration
a: Heal Wounds


You were on level 5 of the Dungeon.
You were not hungry.

You visited 1 branch of the dungeon, and saw 5 of its levels.

You collected 242 gold pieces.

Inventory:

Hand Weapons
 a - a +0 war axe
 e - a +2 spear of piercing (weapon)
Armour
 b - a +0 scale mail (worn)
 c - a +0 shield (worn)
Jewellery
 r - a ring of poison resistance (left hand)
Scrolls
 j - a scroll of identify
 k - a scroll of enchant armour {unknown}
 l - a scroll of teleportation
 o - a scroll of amnesia
 p - a scroll of remove curse
 q - a scroll of enchant weapon {unknown}
Potions
 d - 3 potions of might
 h - a potion of curing {unknown}
 i - 2 potions of flight
 m - a potion of degeneration {unknown}
 n - 2 potions of heal wounds
Books
 s - a book of Callings

   Spells                             Type                      Level
   a - Summon Small Mammal            Summoning                    1
   b - Call Imp                       Summoning                    2
   c - Call Canine Familiar           Summoning                    3
   d - Summon Guardian Golem          Hexes/Summoning              3
   e - Summon Lightning Spire         Summoning/Air                4
   f - Summon Ice Beast               Ice/Summoning                4
Comestibles
 f - 7 rations
 g - a chunk of flesh


   Skills:
 + Level 3.8 Fighting
 * Level 5.0(5.1) Axes
 * Level 0.6(2.6) Polearms
 + Level 4.5 Armour
 + Level 4.6 Shields


You had 5 spell levels left.
You didn't know any spells.

Dungeon Overview and Level Annotations

Branches:
Dungeon (5/15)
 Temple: D:4-7

Altars:
Hepliaklqana
Xom


Innate Abilities, Weirdness & Mutations

You are resistant to damage.
You can heal yourself by infusing magical energy.
You passively map a small area around you.
You do not regenerate.


Message History

The orc priest mumbles some strange prayers to Beogh against you.
Pain shoots through your body!
The centaur shoots an arrow.
The arrow hits you.
You are too injured to fight recklessly!
You are too injured to fight recklessly!
You are too injured to fight recklessly!
You are too injured to fight recklessly!
You are too injured to fight recklessly!
You are too injured to fight recklessly!
You are too injured to fight recklessly!
The centaur shoots an arrow.
The arrow hits you!
* * * LOW HITPOINT WARNING * * *
You see here an arrow.
You closely miss something. Something hits you but does no damage.
The orc priest mumbles some strange prayers to Beogh against you.
Beogh smites you!
* * * LOW HITPOINT WARNING * * *
The orc wizard casts a spell.
The orc wizard blinks!
You fail to use your ability.
The centaur shoots an arrow.
The arrow hits you.
You die...

,
#.#.#####..#.#......
, **
,....####............
*#.#.##.....#.#......
,
#.#.##.##..#.#.#.###
######.#.##.....#..
..
,..................#.
**
######.#............#
* ,#.#............ *
* ** #.#@####.######
, , , #.#(# * .#
#.#oc..#.# ,
,...h##.#.# * ,#.#o.
# * ..... * , ..
#..., ,, , , ... ###.
* , ,.[. ..


You could see a centaur, a hound, an orc priest and an orc.

Vanquished Creatures
  A water moccasin skeleton (D:5)
  A howler monkey (D:4)
  An orc wizard (D:5)
  A centaur skeleton (D:5)
  Terence (D:2)
  2 worker ants (D:4)
  A howler monkey zombie (D:5)
  5 adders
  An adder skeleton (D:4)
  6 worms
  A dart slug (D:1)
  2 leopard geckos (D:1)
  11 orcs
  6 giant cockroaches
  2 goblins
  9 hobgoblins
  5 jackals
  5 kobolds (D:1)
  4 bats
  5 frilled lizards
  A leopard gecko skeleton (D:4)
  13 rats
84 creatures vanquished.

Notes
Turn   | Place    | Note
-------+----------+-------------------------------------------
     0 | D:1      | Hebeh the Deep Dwarf Fighter began the quest for the Orb.
     0 | D:1      | Reached XP level 1. HP: 20/20 MP: 1/1
    82 | D:1      | Reached XP level 2. HP: 27/27 MP: 2/2
   318 | D:1      | Reached skill level 3 in Axes
   320 | D:1      | Reached XP level 3. HP: 25/33 MP: 3/3
   894 | D:2      | Noticed Terence
   913 | D:2      | Killed Terence
   913 | D:2      | Reached XP level 4. HP: 25/42 MP: 4/4
  1470 | D:3      | Reached skill level 4 in Axes
  1491 | D:3      | Reached XP level 5. HP: 28/49 MP: 5/5
  1656 | D:3      | Found a hazy altar of Hepliaklqana.
  1657 | D:3      | Found a shimmering altar of Xom.
  1669 | D:3      | Noticed a spectral ugly thing
  2050 | D:4      | You fall through a shaft!
  2050 | D:5      | Entered Level 5 of the Dungeon
  2169 | D:5      | Reached XP level 6. HP: 28/57 MP: 6/6
  2186 | D:5      | Reached skill level 5 in Axes
  2360 | D:5      | Shot with an arrow by a centaur

Skill      XL: |  1  2  3  4  5  6 |
---------------+-------------------+-----
Axes           | 3 4 5 |  5.0
Fighting       | 3 |  3.8
Shields        | 4 |  4.6
Armour         | 4 |  4.5
Polearms       | |  0.6

Action                   |  1- 3 |  4- 6 || total
-------------------------+-------+-------++-------
Melee: War axe           |   114 |   138 ||   252
       Spear             |       |    26 ||    26
 Abil: Heal Wounds       |       |     3 ||     3
  Use: Scroll            |       |     9 ||     9
  Eat: Chunk             |       |     5 ||     5
Armor: Scale mail        |    46 |    72 ||   118
Dodge: Dodged            |    44 |    43 ||    87
Block: Shield            |    50 |   105 ||   155
